 Dungeon Crawl Stone Soup version 0.28.0-43-g3370ac3207 (webtiles) character file.

Game seed: 3449225023960661153

121 sking99 the Skirmisher (level 4, -8/37 HPs)
             Began as a Demonspawn Fighter on Mar 24, 2022.
             Mangled by Ijyb
             ... wielding a +1 dagger of electrocution
              (16 damage)
             ... on level 3 of the Dungeon.
             The game lasted 00:03:59 (3870 turns).

sking99 the Skirmisher (Demonspawn Fighter)         Turns: 3870, Time: 00:03:59

Health: -8/37      AC:  6    Str: 18    XL:     4   Next: 76%
Magic:  4/4        EV:  8    Int: 10    God:
Gold:   169        SH: 10    Dex: 12    Spells: 3/3 levels left

rFire   . . .      SeeInvis .   a - +0 war axe
rCold   . . .      Faith    .   p - +2 kite shield
rNeg    . . .      Spirit   .   b - +0 scale mail
rPois   .          Reflect  .   (no helmet)
rElec   .          Harm     .   (no cloak)
rCorr   .          Rampage  .   (no gloves)
Will    .....                   (no boots)
Stlth   ..........              (no amulet)
HPRegen 0.12/turn               (no ring)
MPRegen 0.09/turn               (no ring)

@: no status effects
A: hooves 1, sturdy frame 1
a: no special abilities


You were on level 3 of the Dungeon.
You visited 1 branch of the dungeon, and saw 4 of its levels.

You collected 169 gold pieces.

Inventory:

Hand Weapons
 a - a +0 war axe (weapon)
Armour
 b - a +0 scale mail (worn)
 k - the +0 scale mail of Solemn the Leaf {Regen+}
   (You found it on level 4 of the Dungeon)

   Regen:     It increases your rate of health regeneration.
 p - a +2 kite shield (worn)
Jewellery
 l - a ring of see invisible
 s - a ring of poison resistance
Scrolls
 e - a scroll of summoning {unknown}
 j - a scroll of teleportation {unknown}
 q - a scroll of silence
Potions
 c - a potion of degeneration {unknown}
 d - 3 potions of might
 f - a potion of brilliance {unknown}
 g - a potion of lignification {unknown}
 h - a potion of mutation {unknown}
 i - a potion of cancellation {unknown}
 m - a potion of curing {unknown}
 o - a potion of haste {unknown}
 r - a potion of magic


   Skills:
 + Level 3.7 Fighting
 * Level 3.4 Axes
 - Level 2.6 Armour
 + Level 3.4 Shields


You had 3 spell levels left.
You didn't know any spells.
Your spell library contained the following spells:

 Spells                   Type           Power      Damage    Failure   Level
 Freeze                   Ice            0%         1d3       94%         1
 Frozen Ramparts          Ice            0%         1d2       100%        3
 Hailstorm                Conj/Ice       0%         3d3       100%        4


Dungeon Overview and Level Annotations

Branches:
Dungeon (4/15)
 Temple: D:4-7

Altars:
Yredelemnul

Annotations:
D:3 Ijyb


Innate Abilities, Weirdness & Mutations

You have large cloven feet.
Your movements are slightly less encumbered by armour. (ER -2)


Message History

The floor.
There is a stone staircase leading down here.
You hit Ijyb but do no damage. Ijyb screams, "I dance on your bones!"
Ijyb hits you but does no damage.
You closely miss Ijyb. You kick Ijyb, but do no damage.
Ijyb hits you but does no damage.
You hit Ijyb. You kick Ijyb, but do no damage.
Ijyb is lightly wounded.
Ijyb hits you with a +1 dagger of electrocution. x2
You hit Ijyb.
Ijyb is moderately wounded.
Ijyb hits you with a +1 dagger of electrocution.
You hit Ijyb.
Ijyb is heavily wounded.
You block Ijyb's attack. Ijyb screams, "Me stronger than you!"
Ijyb hits you with a +1 dagger of electrocution.
You hit Ijyb but do no damage. You kick Ijyb, but do no damage.
Ijyb is heavily wounded.
Ijyb hits you with a +1 dagger of electrocution.
You are electrocuted!
* * * LOW HITPOINT WARNING * * *
You hit Ijyb but do no damage.
Ijyb is heavily wounded.
You block Ijyb's attack. x2
You hit Ijyb but do no damage.
Ijyb is heavily wounded.
You block Ijyb's attack.
You closely miss Ijyb. You kick Ijyb.
Ijyb is heavily wounded.
Ijyb closely misses you.
Ijyb hits you with a +1 dagger of electrocution.
* * * LOW HITPOINT WARNING * * *
You hit Ijyb.
Ijyb is severely wounded.
Ijyb hits you with a +1 dagger of electrocution.
* * * LOW HITPOINT WARNING * * *
You are electrocuted!
You die...

############
#..........#
#..........#
#######..........#
.................#
#.#####....†.....#
..# ######.....#
################.#
...............g@#
###########.####.#
##### #..........#
#...# #..........#
....# #..........#
#...# #..........#
....# #..........#
###.# #..........#
#.# #..........#


You could see Ijyb.

Vanquished Creatures
  4 adders
  3 worms
  A dart slug (D:3)
  11 orcs
  5 ball pythons
  4 endoplasms
  2 giant cockroaches
  2 goblins
  8 hobgoblins
  6 jackals
  2 kobolds
  A quokka (D:3)
  5 bats
  3 frilled lizards
  2 rats (D:3)
59 creatures vanquished.

Vanquished Creatures (others)
  4 plants (D:2)
4 creatures vanquished.

Grand Total: 63 creatures vanquished

Notes
Turn   | Place    | Note
-------+----------+-------------------------------------------
     0 | D:1      | sking99 the Demonspawn Fighter began the quest for the Orb.
     0 | D:1      | Reached XP level 1. HP: 18/18 MP: 1/1
   375 | D:1      | Found a faded altar of an unknown god.
   381 | D:1      | Gained mutation: You have large cloven feet. [demonic
                  | ancestry]
   381 | D:1      | Reached XP level 2. HP: 20/24 MP: 2/2
  1086 | D:2      | Gained mutation: Your movements are slightly less
                  | encumbered by armour. (ER -2) [demonic ancestry]
  1086 | D:2      | Reached XP level 3. HP: 25/29 MP: 3/3
  2055 | D:3      | Reached XP level 4. HP: 22/35 MP: 4/4
  2638 | D:3      | Found a basalt altar of Yredelemnul.
  3505 | D:4      | Identified the +0 scale mail of Solemn the Leaf {Regen+}
  3525 | D:4      | Noticed Ijyb
  3870 | D:3      | Mangled by Ijyb

Illustrated notes

Levels and vault maps discovered:
D:1:      dpeg_arrival_brainrot, layout_rooms,
          hellmonk_ecumenical_altar_leap_of_faith
D:2:      layout_loops_cross, serial_bayou_lagoon_a
D:3:      layout_basic, mainiacjoe_overflow_concentric_impassable
D:4:      layout_loops_corners, regret_index_temple_of_mockery, st_stairs_5,
          uniq_ijyb

Skill      XL: |  1  2  3 |
---------------+----------+-----
Axes           | 2 3 |  3.4
Shields        | 3 |  3.4
Fighting       | |  3.7
Armour         | |  2.6

Action                   |  1- 3 |  4- 6 || total
-------------------------+-------+-------++-------
Melee: War axe           |    80 |    72 ||   152
       Kick              |    17 |    16 ||    33
  Use: Scroll            |       |     5 ||     5
Armor: Scale mail        |    36 |    17 ||    53
Dodge: Dodged            |    31 |    20 ||    51
Block: Buckler           |    15 |     1 ||    16
       Kite shield       |       |    42 ||    42
